AoeStats
← NuMa | Gacha

African Clearing

506751528Analyzed
4v4 RM · 19d ago on Sep 15, 2026· 53m 57s· 8 players
Game mode
Random Map
Map size
Large (8 player)
Population
200
Speed
Normal
Resources
Standard
Victory
Conquest
Starting age
Dark Age
Ending age
Imperial Age
RankedLock teamsTeams togetherTeam positionsShared explorationLock speedFull tech treeHidden civsTurbo modeCheats
Victory
Defeat
🇨🇴 Lithuanians · Colombia
1366
+9
🇨🇴 Mongols · Colombia
1334
+10
🇨🇴 Persians · Colombia
1245
+13
🇨🇴 Italians · Colombia
1095
+19
🇦🇷 Berbers · Argentina
1262
-16
🇲🇽 Franks · Mexico
1193
-13
🇲🇽 Malay · Mexico
1169
-12
🇲🇽 Vietnamese · Mexico
1113
-10
jorgeage34
12:25 Loom
14:51 Feudal Age
17:57 Fletching
22:14 Horse Collar
27:50 Castle Age
26:36 Padded Archer Armor
26:34 Gold Mining
26:53 Crossbowman
28:56 Double-Bit Axe
29:41 Bodkin Arrow
32:04 Thumb Ring
32:43 Bow Saw
35:33 Wheelbarrow
36:59 Leather Archer Armor
37:15 Hand Cart
39:02 Squires
38:22 Pikeman
42:45 Imperial Age
40:58 Gold Shaft Mining
40:47 Ballistics
42:33 Conscription
42:33 Arbalester
43:21 Bracer
43:51 Ring Archer Armor
48:30 Halberdier
49:24 Forging
51:44 Iron Casting
52:27 Chemistry
51:23 Murder Holes
51:09 Treadmill Crane
51:34 Siege Engineers
50:53 Heavy Scorpion
[GDL] Axolotl
3:55 Loom
13:22 Feudal Age
17:34 Scale Barding Armor
18:12 Forging
24:41 Castle Age
25:33 Husbandry
27:35 Chain Barding Armor
30:29 Iron Casting
34:12 Double-Bit Axe
er0208
4:45 Loom
14:27 Feudal Age
16:04 Double-Bit Axe
19:51 Town Watch
19:58 Horse Collar
21:32 Wheelbarrow
26:55 Castle Age
26:00 Fletching
27:05 Padded Archer Armor
27:03 Crossbowman
27:06 Pikeman
28:14 Bodkin Arrow
28:38 Bow Saw
30:09 Heavy Plow
30:21 Town Patrol
35:30 Leather Archer Armor
42:19 Imperial Age
41:33 Squires
41:36 Scale Mail Armor
41:47 Forging
43:32 Ballistics
42:40 Halberdier
42:50 Arbalester
43:19 Capped Ram
45:19 Two-Man Saw
44:45 Bracer
45:59 Hand Cart
48:33 Ring Archer Armor
48:18 Chain Mail Armor
49:59 Iron Casting
Camilo100
4:23 Loom
13:31 Feudal Age
22:53 Castle Age
22:47 Double-Bit Axe
27:42 Fletching
41:16 Bloodlines
41:59 Bodkin Arrow
43:29 Husbandry
44:36 Horse Collar
45:10 Bow Saw
46:35 Wheelbarrow
46:48 Ballistics
NuMa | Jomaro
9:35 Loom
11:24 Feudal Age
17:59 Scale Barding Armor
18:06 Forging
23:45 Castle Age
22:16 Stone Mining
24:24 Husbandry
33:25 Double-Bit Axe
34:52 Wheelbarrow
37:21 Bow Saw
37:22 Gold Mining
44:29 Hand Cart
45:55 Horse Collar
47:10 Heavy Plow
49:49 Gold Shaft Mining
49:54 Stone Shaft Mining
52:35 Imperial Age
50:20 Bloodlines
52:14 Cavalier
53:57 Chain Barding Armor
54:20 Iron Casting
53:51 Savar
TILIN2.0
10:11 Loom
12:09 Feudal Age
16:23 Castle Age
14:34 Double-Bit Axe
17:32 Bow Saw
18:38 Wheelbarrow
25:57 Fletching
27:39 Bodkin Arrow
28:18 Horse Collar
37:37 Imperial Age
36:10 Ballistics
36:39 Padded Archer Armor
37:27 Bloodlines
37:18 Husbandry
38:27 Bracer
39:29 Chemistry
38:17 Elite Mangudai
38:57 Capped Ram
40:07 Conscription
39:44 Gold Mining
41:26 Leather Archer Armor
41:39 Parthian Tactics
41:20 Thumb Ring
43:52 Drill
42:54 Siege Ram
44:39 Heavy Plow
50:28 Coinage
50:02 Heavy Plow
50:38 Gold Shaft Mining
49:53 Stone Mining
53:19 Banking
53:51 Stone Shaft Mining
53:30 Fortified Wall
54:36 Hand Cart
54:06 Town Watch
NuMa | Gacha
6:32 Loom
13:30 Feudal Age
18:05 Castle Age
15:58 Double-Bit Axe
16:40 Stone Mining
17:49 Man-at-Arms
19:40 Wheelbarrow
19:50 Stone Shaft Mining
23:42 Fletching
30:54 Padded Archer Armor
32:33 Hand Cart
34:33 Bodkin Arrow
38:35 Town Watch
42:23 Imperial Age
41:38 Leather Archer Armor
43:34 Conscription
43:45 Ballistics
44:26 Chemistry
42:51 Onager
45:57 Ballistics
52:57 Bracer
53:28 Ring Archer Armor
NuMa | Ezio
11:40 Loom
14:26 Feudal Age
15:06 Town Watch
18:06 Castle Age
16:00 Double-Bit Axe
16:46 Horse Collar
19:07 Wheelbarrow
19:08 Bow Saw
25:47 Bloodlines
27:31 Forging
27:32 Scale Barding Armor
31:45 Forging
31:36 Herbal Medicine
32:38 Husbandry
33:37 Chain Barding Armor
35:48 Heavy Plow
35:39 Gold Mining
37:37 Iron Casting
43:45 Imperial Age
43:49 Elite Leitis
43:52 Cavalier
45:13 Plate Barding Armor
45:33 Conscription
46:42 Hill Forts
48:07 Paladin
50:47 Crop Rotation
50:09 Stone Mining
50:37 Fletching
51:19 Bodkin Arrow
51:24 Caravan
52:30 Two-Man Saw
51:32 Town Patrol
54:44 Stone Shaft Mining
Connection lost

Rejoining the realm…

Still unreachable

The connection could not be restored.

Session expired

The server has moved on; the page needs a fresh start.